 Dungeon Crawl Stone Soup version 0.31-a0-339-gda1cbd555d (webtiles) character file.

Game seed: 2800784026375917899

81498 freelancePsychic the Carver (level 15, -6/124 HPs)
             Began as a Vampire Shapeshifter on July 20, 2023.
             Was a High Priest of Makhleb.
             Mangled by a bunyip (19 damage)
             ... on level 1 of the Swamp.
             The game lasted 00:48:45 (19595 turns).

freelancePsychic the Carver (Vampire Shapeshifter) Turns: 19595, Time: 00:48:45

Health: -6/124     AC: 16    Str: 18    XL:     15   Next: 26%
Magic:  24/24      EV: 14    Int: 16    God:    Makhleb [*****.]
Gold:   951        SH:  0    Dex: 22    Spells: 14/14 levels left

rFire   + . .        a - +3 demon blade (drain)
rCold   . . .        (no shield)
rNeg    + . .        k - +1 ring mail {rF+}
rPois   +            L - +0 helmet
rElec   .            y - +1 cloak of Arcadian Leaves {rN+ Int+3}
rCorr   .            U - +2 pair of gloves
SInv    +            O - +0 pair of boots
Will    +....        t - amulet of regeneration
Stlth   +++          m - +6 ring of dexterity
HPRegen 1.40/turn    p - ring of poison resistance
MPRegen 0.19/turn

%: no passive effects
@: healing quickly, studying Armour
A: alive, fangs 3, see invisible, vampiric 2
a: Exsanguinate, Renounce Religion, Minor Destruction, Lesser Servant of
Makhleb, Major Destruction, Greater Servant of Makhleb


You were on level 1 of the Swamp.
You worshipped Makhleb.
Makhleb was extremely pleased with you.
You visited 4 branches of the dungeon, and saw 21 of its levels.
You also visited: Ossuary and Bailey.

You collected 2635 gold pieces.
You spent 1684 gold pieces at shops.

Inventory:

Hand Weapons
 a - a +3 demon blade of draining (weapon)
 b - a +3 scimitar of flaming
Missiles
 f - 5 silver javelins
 h - 2 throwing nets
 i - 53 poisoned darts
 E - 28 javelins
Armour
 j - a +1 hat
 k - a +1 ring mail of fire resistance (worn)
 y - the +1 cloak of Arcadian Leaves (worn) {rN+ Int+3}
   (You bought it in a shop on level 2 of the Orcish Mines)

   Int:       It affects your intelligence (+3).
   rN:        It protects you from negative energy.
 L - a +0 helmet (worn)
 N - a +0 kite shield
 O - a +0 pair of boots (worn)
 U - a +2 pair of gloves (worn)
 Y - a +0 crystal plate armour
Jewellery
 m - a +6 ring of dexterity (left hand)
 n - a ring of wizardry
 p - a ring of poison resistance (right hand)
 t - an amulet of regeneration (around neck)
 x - a ring of ice
 S - an amulet of reflection
 X - a +5 ring of evasion
Talismans
 c - a beast talisman
Wands
 o - a wand of polymorph (13)
 G - a wand of roots (4)
 I - a wand of paralysis (6)
 P - a wand of acid (4)
 Q - a wand of flame (7)
Scrolls
 d - 3 scrolls of noise
 g - 4 scrolls of immolation
 z - 4 scrolls of teleportation {@r4}
 H - a scroll of silence
 J - 3 scrolls of revelation
 K - a scroll of brand weapon
 M - 2 scrolls of amnesia
 T - a scroll of vulnerability
 W - a scroll of identify {@r1}
 Z - 3 scrolls of fog
Potions
 e - 3 potions of degeneration
 l - a potion of magic
 q - 3 potions of might
 r - a potion of enlightenment
 s - a potion of ambrosia {unknown}
 u - a potion of curing {@q1}
 v - a potion of invisibility {unknown}
 w - 4 potions of attraction
 A - a potion of heal wounds {@q2}
 B - 3 potions of haste {@q3}
 C - 5 potions of brilliance
 D - a potion of cancellation
 R - 2 potions of mutation
Miscellaneous
 F - a box of beasts (inert)
 V - a phial of floods (inert)


   Skills:
 + Level 13.2 Fighting
 - Level 14.0 Long Blades
 + Level 8.4 Armour
 - Level 5.4 Dodging
 - Level 7.0 Stealth
 - Level 4.0 Unarmed Combat
 + Level 13.0 Invocations
 - Level 3.4 Shapeshifting


You had 14 spell levels left.
You didn't know any spells.
Your spell library contained the following spells:

 Spells                   Type           Power      Damage    Failure   Level
 Sting                    Tmut/Pois      0%         1d3       38%         1
 Cigotuvi's Dreadful Rot  Necr/Pois/Air  0%         N/A       52%         2
 Poisonous Vapours        Pois/Air       0%         N/A       52%         2
 Scorch                   Fire           0%         2d5       52%         2
 Inner Flame              Hex/Fire       0%         N/A       77%         3
 Ozocubu's Armour         Ice            0%         N/A       77%         3
 Summon Guardian Golem    Hex/Summ       0%         N/A       77%         3
 Vhi's Electric Charge    Tloc/Air       0%         N/A       77%         3
 Dispel Undead            Necr           0%         3d6       99%         4
 Flame Wave               Conj/Fire      0%         2d4       99%         4
 Olgreb's Toxic Radiance  Pois           0%         N/A       99%         4
 Sticky Flame             Conj/Fire      0%         2d3       99%         4
 Arcjolt                  Conj/Air       0%         1d10      100%        5
 Metabolic Englaciation   Hex/Ice        0%         N/A       100%        5
 Death Channel            Necr           0%         N/A       100%        6
 Plasma Beam              Fire/Air       0%         2x1d10    100%        6
 Simulacrum               Ice/Necr       0%         N/A       100%        6
 Summon Cactus Giant      Summ           0%         N/A       100%        6
 Orb of Destruction       Conj           0%         9d5       100%        7
 Spellforged Servitor     Conj/Summ      0%         N/A       100%        7


Dungeon Overview and Level Annotations

Branches:
Dungeon (13/15)            Temple (0/1) D:7            Lair (5/5) D:9
  Swamp (1/4) Lair:2       Spider (0/4) Lair:3          Orc (2/2) D:12
    Elf (0/3) Orc:2       Ossuary (visited)          Bailey (visited)
  Slime: Lair:4-5    Vaults: D:13-14

Altars:
Kikubaaqudgha
Makhleb
Nemelex Xobeh
Qazlal
Ru
Sif Muna
Uskayaw
Vehumet
Wu Jian
Xom
Yredelemnul
Jiyva

Shops:
D:4 (   D:6 :   D:8 *   Orc:2 [:*([

Annotations:
D:3 exclusion: sleepcap
D:5 exclusion: downstairs
D:12 Frances


Innate Abilities, Weirdness & Mutations

Your natural rate of healing is accelerated.
You have razor-sharp teeth.
You have supernaturally acute eyesight. (SInv)
You are afflicted with vampirism and can become a bat while bloodless.


Message History

A bunyip comes into view.
The bunyip gives a hideous shriek!
The swamp worm fires a harpoon shot at you.
The harpoon shot hits you!
You are yanked forward by the harpoon shot.
As you read the scroll of teleportation {@r4}, it crumbles to dust.
You feel strangely unstable. The bunyip closely misses you.
The bunyip claws you! The bunyip closely misses you.
The swamp worm barely misses you.
You slash the swamp worm! Your punch misses the swamp worm.
The swamp worm is heavily wounded.
The spriggan druid hits you with a +2 spectral quarterstaff.
The +2 spectral quarterstaff hits you!
* * * LOW HITPOINT WARNING * * *
The swamp worm bites you!
* * * LOW HITPOINT WARNING * * *
A +2 spectral quarterstaff comes into view.
You slice the swamp worm!!
You kill the swamp worm!
Makhleb accepts your kill.
You feel better.
The goliath frog hits you but does no damage.
The spriggan druid closely misses you.
The +2 spectral quarterstaff closely misses you.
The spriggan druid attacks as you move away!
The spriggan druid completely misses you.
The +2 spectral quarterstaff misses you.
You enter the shallow water.
Moving in this stuff is going to be slow.
Your surroundings suddenly seem different.
A bunyip comes into view.
You enter the shallow water.
Moving in this stuff is going to be slow.
A demon appears!
Your Executioner gestures.
Your Executioner seems to speed up.
The bunyip claws you!
* * * LOW HITPOINT WARNING * * *
The bunyip closely misses you. The bunyip claws you!!
You die...

♣(........~~.~~.~~~~~
♣~§~......~~~♣♣♣.~§~~
♣.~~.♣..~..~♣ ♣.~~~~~
♣♣......~~.♣ ~.~~~.~
♣♣....~§~♣♣♣♣.....~.
♣~~..~§~~.~..♣
♣.~...~~.1..§♣
♣~~.~..♣♣.x.♣♣
♣...♣..♣♣@..♣
♣♣♣♣♣~.♣♣~♣♣♣ ♣♣♣
♣.~~~.♣♣ ♣♣~♣♣
♣♣.~~~~.♣♣♣...♣♣~..
♣.~~~~~~....~~~~~~..
♣.~~§~~..~..~~~~~~~>
♣~.~~....<...~~~~~~.
♣...~~...~~~~~§~~~..
♣.~..~§..~~~~~~~~.~♣


You could see a bunyip (ally target) and a friendly Executioner (summoned,
fast).

Vanquished Creatures
  An orc warlord (Orc:2)
  Nessos (Lair:4)
  Fannar (Orc:1)
  6 hydras
  A boulder beetle (D:11)
  A catoblepas (Lair:4)
  Erica (Orc:1)
  4 centaur warriors (D:13)
  6 two-headed ogres
  A death yak (Lair:3)
  Urug (Lair:1)
  3 orc high priests
  A skyshark (Lair:2)
  A bog body (Lair:2)
  3 orc knights (Orc:2)
  An ugly thing (D:13)
  4 orc sorcerers
  A manticore (D:11)
  Joseph (D:7)
  3 cyclopes
  4 black mambas
  4 elephants (Lair:4)
  A rime drake (shapeshifter) (D:13)
  10 cane toads
  6 komodo dragons
  A rime drake (Lair:4)
  A polar bear (Lair:4)
  A tyrant leech (Swamp:1)
  Prince Ribbit (D:6)
  13 blink frogs
  6 trolls
  4 slime creatures
  3 shadows
  2 wraiths
  A wyvern (shapeshifter) (D:13)
  4 water elementals (D:11)
  2 vampires
  Grum (Lair:1)
  5 wyverns
  24 yaks
  3 basilisks
  A redback (Lair:3)
  2 steam dragons (D:8)
  2 swamp worms
  2 acid dragons
  A warg (Orc:2)
  7 water moccasins
  2 black bears
  32 orc warriors
  5 ice beasts
  3 wolves (Lair:1)
  5 sky beasts
  15 centaurs
  4 ogres
  A phantom (D:7)
  7 kobold brigands
  5 bullfrogs
  3 gnoll sergeants
  3 water moccasin zombies (Ossuary)
  10 wights
  7 killer bees
  An electric eel (Lair:2)
  4 jellies
  4 crimson imps (D:5)
  7 howler monkeys
  2 hounds
  4 gnoll boudas
  15 orc priests
  A sleepcap (D:4)
  3 iguanas
  24 orc wizards
  2 mummies (Ossuary)
  30 gnolls
  7 adders
  A white imp (D:5)
  An ufetubus (D:6)
  9 adder zombies (Ossuary)
  3 worms
  A dart slug (D:2)
  75 orcs
  9 ball pythons
  10 endoplasms
  3 giant cockroaches
  4 gnoll zombies (Ossuary)
  10 goblins
  8 hobgoblins
  5 jackals
  2 quokkas (D:3)
  4 bats
  2 frilled lizards
  6 hobgoblin zombies (Ossuary)
  24 kobolds
  5 kobold zombies (Ossuary)
  7 orc zombies (Ossuary)
  A rat (D:12)
  A butterfly (D:7)
551 creatures vanquished.

Vanquished Creatures (collateral kills)
  A bog body (Lair:2)
  A blink frog (Lair:1)
  2 slime creatures
  A yak (D:8)
  Edmund (D:6)
  A swamp worm (Lair:2)
  2 orc warriors
  A black bear (D:7)
  A wolf (Lair:1)
  A kobold brigand (D:8)
  2 wights (D:7)
  An electric eel (Lair:2)
  A howler monkey (D:9)
  An orc priest (D:9)
  A jelly (D:8)
  An orc wizard (D:9)
  2 gnolls
  6 orcs
  2 goblins (D:8)
29 creatures vanquished.

Vanquished Creatures (others)
  An orc (Bailey)
1 creature vanquished.

Grand Total: 581 creatures vanquished

Notes
Turn   | Place    | Note
-------+----------+-------------------------------------------
     0 | D:1      | freelancePsychic the Vampire Shapeshifter began the quest
                  | for the Orb.
     0 | D:1      | Reached XP level 1. HP: 14/14 MP: 1/1
    31 | D:1      | Reached skill level 1 in Fighting
    34 | D:1      | Reached skill level 1 in Stealth
   144 | D:1      | Reached XP level 2. HP: 19/21 MP: 2/2
   838 | D:2      | Gained mutation: You are afflicted with vampirism and can
                  | become a bat while bloodless. [Vampire growth]
   838 | D:2      | Reached XP level 3. HP: 23/26 MP: 3/3
  1507 | D:3      | Found a faded altar of an unknown god.
  1515 | D:3      | Prayed at the altar of an unknown god.
  1515 | D:3      | Became a worshipper of Makhleb the Destroyer
  1515 | D:3      | Reached * piety under Makhleb
  1525 | D:3      | Found an ornate altar of the Wu Jian Council.
  1614 | D:3      | Reached XP level 4. HP: 24/33 MP: 4/4
  2907 | D:4      | Reached skill level 5 in Stealth
  2969 | D:4      | Reached XP level 5. HP: 33/39 MP: 5/5
  3001 | D:4      | Reached ** piety under Makhleb
  3141 | D:4      | Found Soimidar's Weapon Shop.
  3308 | D:4      | You fall into a shaft and drop 3 floors!
  3362 | D:7      | Noticed a centaur
  3364 | D:7      | Noticed a sky beast
  3548 | D:7      | Found a staircase to the Ecumenical Temple.
  3664 | D:6      | Noticed a water moccasin
  3907 | D:6      | Reached skill level 1 in Long Blades
  3907 | D:6      | Reached skill level 1 in Invocations
  3907 | D:6      | Reached XP level 6. HP: 40/47 MP: 5/7
  3942 | D:6      | Noticed an ice beast
  4019 | D:6      | Noticed Edmund
  4022 | D:5      | Entered Level 5 of the Dungeon
  4044 | D:4      | Found an ancient bone altar of Kikubaaqudgha.
  4412 | D:5      | Found a shimmering altar of Xom.
  4453 | D:5      | Reached skill level 2 in Long Blades
  4615 | D:5      | Reached XP level 7. HP: 52/52 MP: 9/9
  4647 | D:5      | Reached skill level 3 in Long Blades
  4671 | D:5      | Found a hide-covered altar of Uskayaw.
  4671 | D:5      | Noticed a +0 hand axe
  4672 | D:5      | Noticed a +0 hand axe
  4994 | D:5      | Reached skill level 4 in Long Blades
  4994 | D:5      | Reached skill level 5 in Invocations
  4994 | D:5      | Reached XP level 8. HP: 42/58 MP: 11/11
  5036 | D:6      | Found a sacrificial altar of Ru.
  5286 | D:6      | Reached skill level 5 in Long Blades
  5480 | D:6      | Reached *** piety under Makhleb
  5481 | D:6      | Reached skill level 6 in Long Blades
  5589 | D:6      | Killed Edmund
  5691 | D:6      | Reached XP level 9. HP: 62/65 MP: 13/13
  5805 | D:6      | Found Forerusu's Book Shop.
  5806 | D:6      | Noticed Prince Ribbit
  5817 | D:6      | Killed Prince Ribbit
  6001 | D:6      | Found a shimmering blue altar of Sif Muna.
  6155 | D:7      | Noticed Joseph
  6202 | D:7      | Found a sparkling altar of Nemelex Xobeh.
  6241 | D:7      | Reached skill level 5 in Fighting
  6306 | D:7      | Reached skill level 7 in Long Blades
  6450 | D:7      | Killed Joseph
  6451 | D:7      | Reached skill level 5 in Dodging
  6609 | D:7      | Reached XP level 10. HP: 63/73 MP: 14/14
  6850 | D:7      | Reached skill level 8 in Long Blades
  7245 | D:8      | Found a sand-covered staircase.
  7249 | Ossuary  | Entered an ossuary
  7292 | Ossuary  | Reached **** piety under Makhleb
  7630 | D:8      | Noticed a two-headed ogre
  7635 | D:8      | Killed a two-headed ogre
  7680 | D:8      | Found Monafuco's Assorted Antiques.
  7722 | D:8      | Found a flagged portal.
  7735 | Bailey   | Entered a bailey
  7754 | Bailey   | Reached skill level 9 in Long Blades
  7803 | Bailey   | Reached ***** piety under Makhleb
  8468 | Bailey   | Reached XP level 11. HP: 79/86 MP: 16/16
  8566 | Bailey   | Acquired 829 gold pieces
  8974 | D:4      | Bought a +2 demon blade of draining for 390 gold pieces
  9421 | D:8      | Reached skill level 10 in Long Blades
  9442 | D:8      | Found a stormy altar of Qazlal.
  9498 | D:8      | Found a basalt altar of Yredelemnul.
  9624 | D:8      | Bought a scroll of blinking for 187 gold pieces
  9624 | D:8      | Bought a scroll of butterflies for 100 gold pieces
  9624 | D:8      | Bought a scroll of identify for 50 gold pieces
  9624 | D:8      | Bought a fizzy inky potion for 22 gold pieces
  9624 | D:8      | Bought a scroll of immolation for 100 gold pieces
  9624 | D:8      | Bought a ruby potion for 22 gold pieces
  9624 | D:8      | Bought a potion of heal wounds for 125 gold pieces
  9645 | D:9      | Noticed a two-headed ogre
  9656 | D:9      | Killed a two-headed ogre
  9793 | D:9      | Found a staircase to the Lair.
  9911 | D:9      | Noticed a two-headed ogre
  9919 | D:9      | Killed a two-headed ogre
 10286 | D:10     | Entered Level 10 of the Dungeon
 10955 | D:11     | Noticed a two-headed ogre
 10985 | D:11     | Killed a two-headed ogre
 11138 | D:11     | Reached skill level 11 in Long Blades
 11146 | D:11     | Noticed a two-headed ogre
 11155 | D:11     | Killed a two-headed ogre
 11239 | D:11     | Reached XP level 12. HP: 97/97 MP: 19/19
 11366 | D:11     | Noticed a boulder beetle
 11733 | Lair:1   | Entered Level 1 of the Lair of Beasts
 11733 | Lair:1   | Noticed Grum
 11734 | Lair:1   | Noticed Urug
 11795 | Lair:1   | Reached skill level 10 in Fighting
 11818 | Lair:1   | Killed Urug
 11840 | Lair:1   | Killed Grum
 12022 | Lair:1   | Reached skill level 10 in Invocations
 12611 | Lair:2   | Reached skill level 12 in Long Blades
 13038 | Lair:2   | Noticed a balrug
 13160 | Lair:2   | Noticed a four-headed hydra
 13173 | Lair:2   | Killed a one-headed hydra
 13435 | Lair:2   | Found a staircase to the Swamp.
 13444 | Lair:2   | Reached XP level 13. HP: 96/106 MP: 21/21
 14139 | Lair:3   | Found a hole to the Spider Nest.
 14589 | Lair:4   | Reached skill level 13 in Long Blades
 14733 | Lair:4   | Reached skill level 1 in Armour
 14806 | Lair:4   | Noticed Nessos
 14830 | Lair:4   | Killed Nessos
 15235 | Lair:5   | Entered Level 5 of the Lair of Beasts
 15491 | Lair:5   | Found a viscous altar of Jiyva.
 16073 | D:12     | Found a staircase to the Orcish Mines.
 16073 | D:12     | Found Juosacs's Weapon Emporium.
 16146 | D:12     | Found a sacrificial altar of Ru.
 16630 | Orc:1    | Entered Level 1 of the Orcish Mines
 16641 | Orc:1    | Noticed Fannar
 16704 | Orc:1    | Killed Fannar
 16705 | Orc:1    | Reached skill level 14 in Long Blades
 16777 | Orc:1    | Found a radiant altar of Vehumet.
 16869 | Orc:1    | Noticed Erica
 16892 | Orc:1    | Killed Erica
 17011 | Orc:1    | Reached skill level 5 in Armour
 17234 | Orc:1    | Reached XP level 14. HP: 116/116 MP: 23/23
 17256 | Orc:2    | Entered Level 2 of the Orcish Mines
 17461 | Orc:2    | Found a staircase to the Elven Halls.
 17489 | Orc:2    | Reached XP level 15. HP: 63/122 MP: 24/24
 17802 | Orc:2    | Reached ****** piety under Makhleb
 18161 | Orc:2    | Found Zeigan's Armour Shoppe.
 18377 | Orc:2    | Found Vyxeitz's General Store.
 18560 | Orc:2    | Found Boilaiffe's Book Shop.
 18634 | Orc:2    | Found Teutih's Antique Armour Shop.
 18640 | Orc:2    | Bought a warped cloak for 304 gold pieces
 18640 | Orc:2    | Identified the +1 cloak of Arcadian Leaves {rN+ Int+3} (You
                  | bought it in a shop on level 2 of the Orcish Mines)
 18650 | Orc:2    | Bought a pair of embroidered gloves for 240 gold pieces
 18657 | Orc:2    | Bought a helmet for 144 gold pieces
 18676 | Orc:2    | Found Ridoar's Antique Weapon Shop.
 19282 | D:13     | Noticed Frances
 19321 | D:12     | HP: 5/123 [Frances/entropic shot (34)]
 19508 | Swamp:1  | Entered Level 1 of the Swamp
 19595 | Swamp:1  | Mangled by a bunyip

Illustrated notes

Levels and vault maps discovered:
D:1:      mrwooster_arrival_statue_2, layout_loops_ring
D:2:      layout_loops_ring
D:3:      layout_basic, nicolae_overflow_crystal_walls, basic_ecumenical_altar,
          st_stairs_10, corexii_shack
D:4:      layout_cave_pools, mainiacjoe_overflow_concentric_impassable,
          serial_shops, nicolae_lakefront_shop
D:5:      layout_basic, dancing_weapons_uskayaw, led_xom_imps
D:6:      minmay_chambers_of_sixes, layout_basic, lemuel_blue_sif_altar,
          nicolae_overflow_hidden_temple, serial_shops, shop,
          skrybe_limestone_x, uniq_prince_ribbit1, uniq_edmund
D:7:      layout_basic, nemelex_altar_shiori, minmay_temple_entry_butterflies,
          uniq_joseph
D:8:      minmay_s_stair_smasher, layout_loops_ring,
          mainiacjoe_overflow_alcove_1, grunt_qazlal_clouds, enter_ossuary_5,
          enter_bailey_5, serial_shops, shop
D:9:      cheibrodos_helix_gallery, layout_cave_pools, amcnicky_altar_gilded,
          lair_entry_dummy
D:10:     layout_roguey, corexii_hall_statues_l
D:11:     layout_roguey, nicolae_underground_beach
D:12:     layout_big_octagon, orc_david_3, nicolae_ru_great_annihilating_truth
D:13:     layout_cave_pools, serial_shops, nicolae_shop_mannequins, uniq_frances
Lair:1:   layout_hall_layers, chequers_serial_rivers_micro_d,
          infiniplex_staircase_pool_2, uniq_urug, uniq_grum
Lair:2:   layout_regular_city, nicolae_swamp_entry_splash_gauntlet,
          chequers_serial_rivers_room_a, infiniplex_staircase_pool,
          serial_bayou_shore_b, grunt_megastairs_1
Lair:3:   layout_gridlike, spider_nest_entry_webs
Lair:4:   layout_hall_layers, nicolae_lair_yak_garden, uniq_nessos
Lair:5:   grunt_lair_end_beastmaster, layout_regular_city,
          minmay_slime_entry_pillars, serial_bayou_pond_c
Swamp:1:  layout_basic_swamp, serial_swamp_ruin, evilmike_swamp_ruin_rubble_1,
          hangedman_swamp_ruin_hall
Orc:1:    layout_diamond_mine, basic_altar, uniq_erica, uniq_fannar,
          uniq_maurice
Orc:2:    grunt_orc_cross, layout_caves, serial_shops, shop, mines1_david

Skill      XL: |  1  2  3  4  5  6  7  8  9 10 11 12 13 14 15 |
---------------+----------------------------------------------+-----
Fighting       | 1 2 3 4 6 8 9 11 12 13 | 13.2
Stealth        | 1 3 5 6 7 |  7.0
Unarmed Combat | 4 |  4.0
Long Blades    | 1 2 4 6 7 9 11 12 14 | 14.0
Invocations    | 1 3 5 6 7 9 11 12 13 | 13.0
Dodging        | 5 |  5.4
Armour         | 6 8 |  8.4
Shapeshifting  | |  3.4

Action                     |  1- 3 |  4- 6 |  7- 9 | 10-12 | 13-15 || total
---------------------------+-------+-------+-------+-------+-------++-------
  Melee: Unarmed           |    98 |    71 |       |       |       ||   169
         Punch             |     2 |     4 |     5 |    30 |    30 ||    71
         Trident           |     5 |       |       |       |       ||     5
         Bite              |     5 |    18 |    16 |    73 |    86 ||   198
         Falchion          |       |    80 |   170 |     5 |       ||   255
         Scimitar          |       |       |       |   176 |    20 ||   196
         Demon blade       |       |       |       |   457 |   555 ||  1012
  Throw: Dart              |       |    10 |       |       |     7 ||    17
 Invoke: Minor Destruction |       |    17 |   150 |   291 |    99 ||   557
         Lesser Servant of |       |       |     2 |    11 |     4 ||    17
         Major Destruction |       |       |       |     2 |     7 ||     9
         Greater Servant o |       |       |       |     2 |     2 ||     4
Ability: Begin Untransform |       |       |       |     1 |       ||     1
  Evoke: Wand              |       |       |       |     4 |     3 ||     7
         Box of beasts     |       |       |       |     1 |     2 ||     3
         Phial of floods   |       |       |       |       |     1 ||     1
    Use: Potion            |     1 |       |     3 |     6 |     3 ||    13
         Scroll            |     3 |     5 |     3 |    15 |    12 ||    38
   Stab: Sleeping          |     9 |     5 |     1 |     7 |     5 ||    27
         Distracted        |     1 |       |     2 |     3 |     2 ||     8
         Paralysed         |       |       |       |     4 |     4 ||     8
 Armour: Skin              |     6 |       |       |       |       ||     6
         Animal skin       |    16 |     2 |       |       |       ||    18
         Ring mail         |       |    36 |    47 |   152 |   201 ||   436
  Dodge: Dodged            |    37 |    86 |   129 |   514 |   345 ||  1111

Table legend: (Time is in decaauts)
 A = Elapsed time spent in this place.
 B = Non-inter-level travel time spent in this place.
 C = Inter-level travel time spent in this place.
 D = Time resting spent in this place.
 E = Time spent auto-exploring this place.
 F = Levels seen in this place.
 G = Mean time per level.
                   A        B        C        D        E       F      G
               +--------+--------+--------+--------+--------+-----+--------+
         Total |  19337 |  17551 |   1786 |    777 |  12011 |  23 |  840.7 |
       Dungeon |  12094 |  10629 |   1465 |    519 |   7335 |  13 |  930.3 |
          Lair |   3794 |   3556 |    238 |     89 |   2713 |   5 |  758.8 |
         Swamp |     83 |     83 |      0 |      0 |     49 |   1 |   83.0 |
  Orcish Mines |   2071 |   1990 |     81 |    113 |   1323 |   2 | 1035.5 |
       Ossuary |    175 |    175 |      0 |      0 |      0 |   1 |  175.0 |
        Bailey |   1118 |   1118 |      0 |     56 |    588 |   1 | 1118.0 |
               +--------+--------+--------+--------+--------+-----+--------+

Top non-repeatable levels by time:
     D:6: 1754 daAuts
     D:3: 1468 daAuts
     D:7: 1409 daAuts
   Orc:2: 1345 daAuts
  Lair:2: 1148 daAuts
  Bailey: 1118 daAuts
    D:11: 1064 daAuts
     D:8: 1025 daAuts
  Lair:1: 909 daAuts
     D:1: 757 daAuts
    D:12: 750 daAuts
     D:2: 745 daAuts
  Lair:4: 745 daAuts
  Lair:3: 736 daAuts
   Orc:1: 725 daAuts
